 Dungeon Crawl Stone Soup version 0.13.1-28-g3517093 (console) character file.

307 Magician the Poker (level 6, 0/49 HPs)
             Began as a Merfolk Berserker on Mar 4, 2014.
             Was a Believer of Trog.
             Succumbed to a scorpion's poison
             ... while paralysed
             ... on Level 6 of the Dungeon.
             The game lasted 00:04:05 (441 turns).

Magician the Poker (Merfolk Berserker)               Turns: 441, Time: 00:04:05

HP   0/49        AC  8     Str 18      XL: 6   Next:  2%
MP   5/5         EV  2     Int  6      God: Trog [**....]
Gold 80          SH  0     Dex 15      Spells:  0 memorised,  5 levels left

Res.Fire  : . . .   See Invis. : .   a - +0 spear {=f}
Res.Cold  : . . .   Warding    : .   m - -1 orc chain mail (curse)
Life Prot.: . . .   Conserve   : .   (no shield)
Res.Poison: .       Res.Corr.  : .   (no helmet)
Res.Elec. : .       Clarity    : .   (no cloak)
Sust.Abil.: . .     Spirit.Shd : .   (no gloves)
Res.Mut.  : .       Stasis     : .   (no boots)
Res.Rott. : .       Flight     : .   (no amulet)
Saprovore : . . .                    (no ring)
                                     (no ring)

@: paralysed, exhausted, quite poisoned, slowed, slightly resistant to hostile
enchantments, extremely unstealthy
A: change form in water, swift swim
a: Burn Spellbooks, Berserk, Trog's Hand, Renounce Religion


You were on level 6 of the Dungeon.
You worshipped Trog.
Trog was pleased with you.
You were very hungry.

You visited 1 branch of the dungeon, and saw 5 of its levels.

You collected 60 gold pieces.

Inventory:

Hand weapons
 a - a +0,+0 spear (weapon) {=f}
 k - a -1,+1 orcish battleaxe
Armour
 b - a +0 animal skin
 e - a +0 scale mail
 l - a +0 orcish chain mail
 m - a cursed -1 orcish chain mail (worn)
Comestibles
 c - 4 bread rations
 g - 15 sultanas
 i - a meat ration
Potions
 j - a potion of curing
Miscellaneous
 d - a plain deck of dungeons


   Skills:
 * Level 5.0 Fighting
 + Level 5.3 Polearms
 * Level 2.8 Armour
 + Level 4.0 Dodging


You had 5 spell levels left.
You didn't know any spells.

Dungeon Overview and Level Annotations

Branches:
Dungeon (7/27)
 Temple: D:4-7          Orc: D:6-11

Altars:
Nemelex Xobeh


Message History

* * * LOW HITPOINT WARNING * * *
You feel sick.
* * * LOW HITPOINT WARNING * * *
You feel sick.
You feel a strong urge to attack something.
* * * LOW HITPOINT WARNING * * *
You feel sick.
You see here a scorpion corpse.
You are too berserk!
You offer a prayer to Trog.
The scorpion corpse is consumed in a column of flame.
Trog is pleased with you.
You are no longer berserk.
You pass out from exhaustion.
You feel yourself slow down.
You are feeling very hungry.
* * * LOW HITPOINT WARNING * * *
You feel sick.
You feel a little better.
You die...

#####.#.##.######
.....r...........###
#######.##.#.......
#.####.##>.....###
#....r.##.#.#..#..
#.#######.#.#..#.#
#.# ..#.#..... #.#
##.#.#..#.. #@#
#.#.#..#.. #.#
#.#.#..#.. #.#
#.#.##.#.. #.# #...
..... #.# #.### .##
... . . . ..


There were no monsters in sight!

Vanquished Creatures
  An orc warrior (D:7)
  A crimson imp (D:7)
  A scorpion (D:6)
  2 worker ants
  An adder (D:2)
  A giant mite (D:6)
  4 orcs (D:7)
  A giant cockroach (D:1)
  3 hobgoblins
  A giant newt (D:2)
  4 rats
20 creatures vanquished.

Notes
Turn   | Place    | Note
--------------------------------------------------------------
     0 | D:1      | Magician, the Merfolk Berserker, began the quest for the Orb.
     0 | D:1      | Reached XP level 1. HP: 18/18 MP: 0/0
    34 | D:1      | Found a sparkling altar of Nemelex Xobeh.
    84 | D:2      | Reached XP level 2. HP: 13/24 MP: 1/1
   210 | D:3      | You fall through a shaft!
   235 | D:6      | Acquired Trog's second power
   235 | D:6      | Reached XP level 3. HP: 30/30 MP: 2/2
   270 | D:7      | Noticed an orc warrior
   279 | D:7      | Killed an orc warrior
   279 | D:7      | Reached skill level 5 in Polearms
   279 | D:7      | Reached XP level 4. HP: 36/37 MP: 3/3
   279 | D:7      | Reached XP level 5. HP: 41/42 MP: 4/4
   435 | D:6      | Reached skill level 5 in Fighting
   435 | D:6      | Reached XP level 6. HP: 7/49 MP: 5/5
   439 | D:6      | HP: 3/73 [poisoned by a scorpion]
   440 | D:6      | HP: 1/49 [poisoned by a scorpion]
   441 | D:6      | Succumbed to a scorpion's poison

Action                   |  1- 3 |  4- 6 || total
-------------------------+-------+-------++-------
Melee: Spear             |    57 |    37 ||    94
Invok: Berserk           |     2 |     2 ||     4
       Trog's Hand       |       |     1 ||     1
  Use: Scroll            |       |     3 ||     3
 Stab: Sleeping          |     1 |       ||     1
